Map: Blackpink LE

Players

Gemini

  • Race: Protoss Protoss
  • League: Grandmaster
  • Spawn Location: 1:00

A.I. 1 (Very Easy) - Winner!

  • Race: Zerg Zerg
  • Spawn Location: 7:00

VOD

Have the link to the VOD?

Description

Time

  • Played on: April 10, 2018, 10:33 p.m.
  • Length: 3:28
Show
View Real Time Build Order
Export as new Build Order

Gemini Protoss 

Build Orders: 1 Gate Expand 

Get SALT Encoding   

  12  0:00  Probe  
  13  0:15  Probe  
  13  0:21  Pylon  
  14  0:27  Probe (Chrono Boost)  
  15  0:40  Gateway, Probe (Chrono Boost)  
  16  0:47  Probe (Chrono Boost)  
  17  0:51  Assimilator  
  17  0:54  Probe  
  18  1:06  Probe  
  19  1:18  Probe  
  20  1:28  Nexus  
  20  1:36  Cybernetics Core  
  20  1:39  Probe  
  21  1:45  Assimilator  
  21  1:51  Probe  
  22  1:55  Pylon  
  22  2:04  Probe  
  23  2:12  Adept (Chrono Boost)  
  25  2:16  Probe  
  25  2:22  Stargate  
  26  2:28  Probe  
  27  2:36  Adept  
  29  2:40  Probe x2 (Chrono Boost)  
  31  2:50  Probe x2 (Chrono Boost)  
  33  2:55  Probe x2 (Chrono Boost)  
  35  3:08  Probe x2  
  35  3:12  Pylon  
Show
View Real Time Build Order
Export as new Build Order

A.I. 1 (Very Easy) Zerg - Winner!

Build Orders: Hatch First 

Get SALT Encoding   

  12  0:00  Drone  
  13  0:12  Overlord  
  13  0:17  Drone  
  14  0:42  Hatchery  
  14  0:46  Drone  
  14  1:03  Spawning Pool  
  13  1:05  Extractor  
  13  1:07  Drone  
  13  1:14  Drone  
  14  1:20  Overlord  
  14  1:50  Queen, Zergling x2  
  14  1:52  Zergling x2  
  18  1:58  Roach Warren  
  17  2:03  Drone  
  17  2:08  Extractor  
  17  2:12  Drone  
  18  2:17  Zergling x2  
  20  2:22  Drone  
  20  2:30  Drone  
  21  2:37  Drone  
  22  2:44  Drone  
  23  2:51  Drone  
  24  2:58  Drone  
  24  3:00  Roach  
  26  3:06  Drone  
  27  3:13  Drone  
Tags
 
Add a new tag
Caveats
  • Supply blocks, unpowered buildings, or Contaminate may cause inaccurate times.
  • Supply counts are checked every 10 seconds.